 Dungeon Crawl Stone Soup version 0.29.1-15-g9cfb28693d (webtiles) character file.

Game seed: 5368838380119582853

270 Heoruswealwe the Magician (level 6, -3/32 HPs)
             Began as a Deep Elf Earth Elementalist on Mar 24, 2023.
             Killed from afar by Sigmund (7 damage)
             ... with a magic dart
             ... on level 3 of the Dungeon.
             The game lasted 00:19:59 (1727 turns).

Heoruswealwe the Magician (DEEE)                    Turns: 1727, Time: 00:20:00

Health: -3/32      AC:  2    Str:  5    XL:     6   Next: 1%
Magic:  10/16      EV: 12    Int: 22    God:
Gold:   126        SH:  0    Dex: 15    Spells: 6/16 levels left

rFire   . . .      SeeInvis .   a - +0 long sword
rCold   . . .      Faith    .   (no shield)
rNeg    . . .      Spirit   .   c - +0 robe
rPois   .          Reflect  .   (no helmet)
rElec   .          Harm     .   (no cloak)
rCorr   .          Rampage  .   (no gloves)
Will    .....                   (no boots)
Stlth   ++........              (no amulet)
HPRegen 0.10/turn               (no ring)
MPRegen 0.15/turn               (no ring)

@: no status effects
A: no striking features
a: no special abilities


You were on level 3 of the Dungeon.
You visited 1 branch of the dungeon, and saw 3 of its levels.

You collected 148 gold pieces.
You spent 22 gold pieces at shops.

Inventory:

Hand Weapons
 a - a +0 long sword (weapon)
Armour
 c - a +0 robe (worn)
 d - a +0 robe
Scrolls
 h - 2 scrolls of enchant weapon {unknown}
 i - a scroll of immolation {unknown}
 k - 2 scrolls of teleportation {unknown}
 q - a scroll of identify
 r - a scroll of fear {unknown}
 s - a scroll of amnesia {unknown}
 t - a scroll of silence {unknown}
Potions
 b - a potion of magic
 e - a potion of might
 f - 3 potions of ambrosia
 g - 2 potions of invisibility {unknown}
 j - a potion of heal wounds
 l - a potion of brilliance
 m - a potion of degeneration {unknown}
 n - a potion of attraction {unknown}
 o - a potion of cancellation {unknown}
 p - a potion of curing {unknown}


   Skills:
 - Level 2.4 Dodging
 - Level 2.4 Stealth
 * Level 5.8 Spellcasting
 + Level 2.9 Transmutations
 * Level 5.3 Earth Magic


You had 6 spell levels left.
You knew the following spells:

 Your Spells              Type           Power      Damage    Failure   Level
a - Sandblast             Erth           60%        2d14      1%          1
b - Stone Arrow           Conj/Erth      36%        3d9       10%         3
c - Petrify               Tmut/Erth      24%        N/A       17%         4
z - Passwall              Tmut/Erth      20%        N/A       2%          2

Your spell library contained the following spells:

 Spells                   Type           Power      Damage    Failure   Level
 Lee's Rapid Deconstruct  Erth           15%        3d11*     28%         5
 Leda's Liquefaction      Hex/Erth       9%         N/A       30%         4
 Statue Form              Tmut/Erth      16%        N/A       95%         6


Dungeon Overview and Level Annotations

Branches:
Dungeon (3/15)

Altars:
Hepliaklqana
Uskayaw

Shops:
D:1 [:*(

Annotations:
D:3 Sigmund


Message History

The gnoll hits you with a +0 flail!
The blast of sand hits the gnoll!
You kill the gnoll!
The blast of sand hits the rat.
The rat is severely wounded.
The blast of sand hits the rat!!
You kill the rat!
The blast of sand misses the rat.
The rat bites you.
The blast of sand hits the rat!
You kill the rat!
You see here a +0 flail.
You see here a +0 sling.
You see here a +0 leather armour.
You see here a +0 flail.
You see here a +0 club.
Found a scroll labelled JOSSIL QAADUJ.
Found an escape hatch in the floor.
s - a scroll labelled POHIOD NONTUOC An adder comes into view.
Found 2 boomerangs.
You see here a scroll labelled JOSSIL QAADUJ.
t - a scroll labelled JOSSIL QAADUJ
Found a sling.
Sigmund the Dreaded comes into view.
He is wielding a +0 scythe and carrying a wand of flame (14).
The blast of sand hits the adder!
You kill the adder!
Sigmund shouts!
Sigmund zaps a wand.
The puff of flame hits you! Sigmund casts a spell at you.
The magic dart hits you!
* * * LOW HITPOINT WARNING * * *
You have reached level 6!
Found a ring mail.
You hear the slow rusting of a distant drain.
You see here a book of the Earth.
You pick up a book of the Earth and begin reading...
You add the spells Leda's Liquefaction, Lee's Rapid Deconstruction and Statue Form to your library.
Sigmund casts a spell at you. The magic dart hits you!
You die...

#........<.......
#............#...
##)....).........#
####..[...†........##
......................#
.####....)).....<......
###...........$.##...
.....................
..........@........
##..##..........$...
..................
...###............
..###.............
......#..........[
.##...............
#..>###@.........
#.#..............


You could see Sigmund.

Vanquished Creatures
  2 jellies (D:2)
  Natasha (thrice) (D:2)
  Terence (D:2)
  An adder (D:3)
  4 gnolls
  2 dart slugs
  8 ball pythons
  3 bats
  11 endoplasms
  A goblin (D:1)
  2 hobgoblins (D:1)
  3 jackals (D:1)
  10 kobolds
  2 quokkas (D:2)
  A frilled lizard (D:1)
  4 rats
58 creatures vanquished.

Vanquished Creatures (others)
  7 fungi (D:2)
  10 toadstools (D:2)
17 creatures vanquished.

Grand Total: 75 creatures vanquished

Notes
Turn   | Place    | Note
-------+----------+-------------------------------------------
     0 | D:1      | Heoruswealwe the Deep Elf Earth Elementalist began the
                  | quest for the Orb.
     0 | D:1      | Reached XP level 1. HP: 10/10 MP: 6/6
    31 | D:1      | Reached XP level 2. HP: 15/15 MP: 4/8
    34 | D:1      | Learned a level 2 spell: Passwall
    34 | D:1      | Found Hifuus's Antique Weapon Shop.
   292 | D:1      | Found Inikk's Book Boutique.
   362 | D:1      | Found Dirool's Armour Shop.
   376 | D:1      | Reached XP level 3. HP: 9/19 MP: 2/10
   483 | D:1      | Found Tuliwk's General Store.
   507 | D:1      | Bought a scroll of identify for 22 gold pieces
   609 | D:1      | Found a faded altar of an unknown god.
   617 | D:1      | Prayed at the altar of an unknown god.
   617 | D:1      | Became a worshipper of Uskayaw the Reveller
   617 | D:1      | Reached * piety under Uskayaw
   618 | D:1      | Fell from the grace of Uskayaw
   728 | D:2      | Learned a level 3 spell: Stone Arrow
   756 | D:2      | Noticed Terence
   765 | D:2      | Killed Terence
   929 | D:2      | Reached XP level 4. HP: 24/24 MP: 10/12
   937 | D:2      | Learned a level 4 spell: Petrify
   995 | D:2      | Found a hazy altar of Hepliaklqana.
  1114 | D:2      | Paralysed by the fury of Uskayaw for 2 turns
  1115 | D:2      | Reached skill level 5 in Spellcasting
  1115 | D:2      | Reached XP level 5. HP: 20/28 MP: 4/14
  1313 | D:2      | Noticed Natasha
  1317 | D:2      | Killed Natasha
  1503 | D:2      | Noticed Natasha
  1507 | D:2      | Killed Natasha
  1508 | D:2      | Reached skill level 5 in Earth Magic
  1580 | D:2      | Noticed Natasha
  1584 | D:2      | Killed Natasha
  1718 | D:3      | Noticed Sigmund
  1720 | D:3      | Reached XP level 6. HP: 3/32 MP: 9/16
  1727 | D:3      | Killed from afar by Sigmund

Illustrated notes

Levels and vault maps discovered:
D:1:      minmay_arrival_diagonal_passages, layout_basic, serial_shops, shop,
          shop, nicolae_shop_trees, shop, basic_ecumenical_altar
D:2:      cheibrodos_fertilizer, layout_basic, basic_altar, grunt_ministairs_9,
          uniq_natasha, uniq_terence
D:3:      layout_rooms, overflow_temple_1_default, gup_sewer_entry_bubbles,
          uniq_sigmund

Skill      XL: |  1  2  3  4  5 |
---------------+----------------+-----
Earth Magic    | 4 5 |  5.3
Spellcasting   | 4 5 |  5.8
Transmutations | 2 |  2.9
Dodging        | |  2.4
Stealth        | |  2.4

Action                   |  1- 3 |  4- 6 || total
-------------------------+-------+-------++-------
Melee: Long sword        |       |    12 ||    12
       Punch             |       |     1 ||     1
 Cast: Sandblast         |    42 |    40 ||    82
       Passwall          |     3 |       ||     3
Invok: Renounce Religion |     1 |       ||     1
  Use: Scroll            |     5 |       ||     5
Armor: Robe              |     2 |       ||     2
Dodge: Dodged            |    17 |     4 ||    21
